AoeStats
← garbagekingduki

Glade

510359395Analyzed
1v1 RM · 3h ago on Sep 30, 2026· 55m 17s· 2 players
Game mode
Random Map
Map size
Tiny (2 player)
Population
200
Speed
Normal
Resources
Standard
Victory
Conquest
Starting age
Dark Age
Ending age
Imperial Age
RankedLock teamsTeams togetherTeam positionsShared explorationLock speedFull tech treeHidden civsTurbo modeCheats
Victory
Defeat
🇺🇦 Teutons · Ukraine
1019
+16
🇺🇸 Varangians · United States
1016
-16
garbagekingduki
10:46 Feudal Age
9:26 Loom
18:04 Castle Age
17:05 Stone Mining
17:05 Double-Bit Axe
26:23 Horse Collar
29:23 Town Watch
31:13 Wheelbarrow
30:31 Gold Mining
35:14 Imperial Age
35:30 Cavalier
36:32 Bloodlines
38:57 Scale Barding Armor
39:03 Forging
42:03 Hand Cart
47:27 Light Cavalry
dark_berserk
12:27 Feudal Age
16:49 Castle Age
14:45 Stone Mining
16:22 Gold Mining
16:18 Horse Collar
17:41 Wheelbarrow
24:47 Double-Bit Axe
26:11 Heavy Plow
32:12 Imperial Age
31:35 Hand Cart
31:36 Bow Saw
32:09 Forging
32:01 Scale Mail Armor
31:53 Fletching
32:03 Padded Archer Armor
32:12 Scale Barding Armor
33:55 Chemistry
35:11 Chemistry
35:09 Iron Casting
34:49 Chain Mail Armor
37:09 Coinage
36:51 Town Watch
36:45 Elite Skirmisher
37:57 Crenellations
39:50 Bodkin Arrow
40:11 Leather Archer Armor
46:00 Squires
47:19 Pikeman
54:11 Halberdier
Connection lost

Rejoining the realm…

Still unreachable

The connection could not be restored.

Session expired

The server has moved on; the page needs a fresh start.